 Dungeon Crawl Stone Soup version 0.19.1-1-g22dce08 (webtiles) character file.

150 Jynx the Conjurer (level 5, 0/28 HPs)
             Began as a Deep Elf Conjurer on Jan 13, 2017.
             Killed by divine providence
             ... invoked by an orc priest
              (11 damage)
             ... on level 3 of the Dungeon.
             The game lasted 00:04:23 (2620 turns).

Jynx the Conjurer (Deep Elf Conjurer)               Turns: 2620, Time: 00:04:24

Health: 0/28       AC:  3    Str:  5    XL:     5   Next: 10%
Magic:  1/13       EV: 17    Int: 21    God:
Gold:   136        SH:  0    Dex: 15    Spells: 4 memorised, 4 levels left

rFire  . . .     SeeInvis .     (no weapon)
rCold  . . .     Gourm    .     a - +0 robe
rNeg   . . .     Faith    .     (no shield)
rPois  +         Spirit   .     (no helmet)
rElec  .         Reflect  .     (no cloak)
rCorr  .         Harm     .     (no gloves)
MR     .....                    v - +0 pair of boots
Stlth  ++........               (no amulet)
                                n - +4 ring of evasion
                                e - ring of poison resistance

@: repel missiles
A: no striking features
a: no special abilities


You were on level 3 of the Dungeon.
You were not hungry.

You visited 1 branch of the dungeon, and saw 3 of its levels.

You collected 136 gold pieces.

Inventory:

Armour
 a - a +0 robe (worn)
 v - a +0 pair of boots (worn)
Jewellery
 e - a ring of poison resistance (left hand)
 l - an uncursed ring of ice
 n - a +4 ring of evasion (right hand)
Scrolls
 f - 2 scrolls of remove curse {unknown}
 i - 4 scrolls of identify {unknown}
 j - 2 scrolls of magic mapping {unknown}
 o - a scroll of immolation {unknown}
 q - a scroll of teleportation {unknown}
Potions
 d - a potion of degeneration {unknown}
 h - 2 potions of agility {unknown}
 k - a potion of curing {unknown}
 p - a potion of mutation {unknown}
 r - a potion of might {unknown}
 t - a potion of ambrosia {unknown}
 u - a potion of cancellation {unknown}
 x - a potion of berserk rage {unknown}
Books
 b - a book of Conjurations

   Spells                             Type                      Level
   a - Magic Dart                     Conjuration                  1
   b - Searing Ray                    Conjuration                  2
   c - Dazzling Spray                 Conjuration/Hexes            3
   d - Fulminant Prism                Conjuration/Hexes            4
   e - Iskenderun's Mystic Blast      Conjuration                  4
   f - Iskenderun's Battlesphere      Conjuration/Charms           5
 s - a book of Minor Magic

   Spells                             Type                      Level
   a - Magic Dart                     Conjuration                  1
   b - Blink                          Translocation                2
   c - Call Imp                       Summoning                    2
   d - Repel Missiles                 Charms/Air                   2
   e - Slow                           Hexes                        2
   f - Conjure Flame                  Conjuration/Fire             3
   g - Mephitic Cloud                 Conjuration/Poison/Air       3
Comestibles
 c - 5 bread rations
 g - 4 meat rations
 m - a slice of pizza
 w - a chunk of flesh


   Skills:
 - Level 2.4 Dodging
 - Level 2.4 Stealth
 + Level 4.2 Spellcasting
 * Level 5.9 Conjurations
 + Level 1.4 Translocations
 + Level 1.4 Air Magic


You had 4 spell levels left.
You knew the following spells:

 Your Spells              Type           Power        Failure   Level  Hunger
a - Magic Dart            Conj           ####         1%          1    None
b - Mephitic Cloud        Conj/Pois/Air  ##......     14%         3    ###....
c - Blink                 Tloc           N/A          12%         2    #......
d - Repel Missiles        Chrm/Air       #.....       14%         2    #......


Dungeon Overview and Level Annotations

Branches:
Dungeon (3/15)

Altars:
Gozag
Sif Muna
Trog

Annotations:
D:3 Jessica


Message History

The orc priest is moderately wounded.
Casting: Magic Dart
Confirm with . or Enter, or press ? or * to list all spells.
Aiming: Magic Dart
Press: ? - help, Shift-Dir - straight line, f/p - orc priest
Aim: an orc priest (moderately wounded)
The magic dart hits the orc priest.
The orc priest is severely wounded.
The orc priest invokes the aid of Beogh against you.
You struggle to resist.
Casting: Magic Dart
Confirm with . or Enter, or press ? or * to list all spells.
Aiming: Magic Dart
Press: ? - help, Shift-Dir - straight line, f/p - orc priest
Aim: an orc priest (severely wounded)
The magic dart hits the orc priest.
The orc priest is almost dead.
The orc priest calls down the wrath of Beogh upon you.
Beogh smites you!
You die...

#######.#.............#
#.....#.#.#.#.#.#.#.#.#
#.##....).............# #######
#.#####.####.........## #.....#
#..####.######....)..# #.....#
##.##...##.....#######
#.....######.........##### ##
#............#.####### ####.
#..............o@### #####....
#.....######...#...######......##
#.....# ##.####..).....###.##
#.....# #.# ###.#.....#...#
#.....# #.###...#####.#.###
####### #.#...### #....####
####)#.### ##.#...). #........#
####.รท...## #........#
#..).###.##


You could see an orc priest.

Vanquished Creatures
  An orc priest (D:3)
  Terence (D:3)
  An adder (D:3)
  A worm (D:3)
  2 dart slugs (D:1)
  4 leopard geckos
  5 orcs (D:3)
  6 bats
  4 giant cockroaches
  11 goblins
  3 hobgoblins (D:3)
  5 jackals
  A quokka (D:3)
  5 frilled lizards
  10 kobolds
  6 rats
66 creatures vanquished.

Notes
Turn   | Place    | Note
-------+----------+-------------------------------------------
     0 | D:1      | Jynx the Deep Elf Conjurer began the quest for the Orb.
     0 | D:1      | Reached XP level 1. HP: 10/10 MP: 6/6
   168 | D:1      | Reached XP level 2. HP: 15/15 MP: 4/8
   462 | D:1      | Reached skill level 5 in Conjurations
   866 | D:1      | Reached XP level 3. HP: 19/19 MP: 2/9
  1121 | D:2      | Found a bloodstained altar of Trog.
  1284 | D:2      | Found a deep blue altar of Sif Muna.
  1458 | D:2      | Learned a level 3 spell: Mephitic Cloud
  1461 | D:2      | Learned a level 2 spell: Blink
  1464 | D:2      | Learned a level 2 spell: Repel Missiles
  1470 | D:2      | Found an opulent altar of Gozag.
  1837 | D:3      | Noticed Terence
  1845 | D:3      | Killed Terence
  1845 | D:3      | Reached XP level 4. HP: 24/24 MP: 2/12
  2093 | D:3      | Noticed Jessica
  2215 | D:3      | Reached skill level 1 in Translocations
  2309 | D:3      | Reached skill level 1 in Air Magic
  2566 | D:3      | Reached XP level 5. HP: 22/28 MP: 1/13
  2620 | D:3      | Killed from afar by an orc priest

Skill      XL: |  1  2  3  4 |
---------------+-------------+-----
Conjurations   | 5 |  5.9
Spellcasting   | 4 |  4.2
Translocations | 1 |  1.4
Air Magic      | 1 |  1.4
Dodging        | |  2.4
Stealth        | |  2.4

Action                   |  1- 3 |  4- 6 || total
-------------------------+-------+-------++-------
 Cast: Magic Dart        |    96 |    49 ||   145
       Repel Missiles    |     1 |       ||     1
       Mephitic Cloud    |       |     1 ||     1
  Eat: Chunk             |     3 |     2 ||     5
Armor: Robe              |     1 |     1 ||     2
Dodge: Dodged            |    10 |    10 ||    20
